 Dungeon Crawl Stone Soup version 0.31-a0-175-g9f7f995f2b (webtiles) character file.

Game seed: 14549483708739914234

140 qw the Shooter (level 5, -13/32 HPs)
             Began as a Gargoyle Hunter on June 16, 2023.
             Mangled by an ogre
             ... wielding a +0 giant club
              (19 damage)
             ... on level 4 of the Dungeon.
             The game lasted 00:01:01 (2600 turns).

qw the Shooter (Gargoyle Hunter)                    Turns: 2600, Time: 00:01:01

Health: -13/32     AC: 11    Str: 14    XL:     5   Next: 23%
Magic:  5/5        EV:  7    Int: 10    God:
Gold:   181        SH:  0    Dex: 15    Spells: 4/4 levels left

rFire   . . .        Y - +0 shortbow
rCold   + . .        (shield currently unavailable)
rNeg    + . .        j - +2 ring mail {rC+}
rPois   inf          (no helmet)
rElec   +            (no cloak)
rCorr   .            (no gloves)
SInv    .            (no boots)
Will    .....        (no amulet)
Stlth   +            (no ring)
HPRegen 0.25/turn    (no ring)
MPRegen 0.09/turn

%: no passive effects
@: constricted
A: sickness immunity, AC +4, negative energy resistance 1, electricity
resistance, torment resistance 1, petrification resistance
a: no special abilities


You were on level 4 of the Dungeon.
You visited 1 branch of the dungeon, and saw 4 of its levels.

You collected 181 gold pieces.


Innate Abilities, Weirdness & Mutations

You are immune to sickness and miasma.
Your stone body is resilient. (AC +4)
You are immune to poison.
You resist negative energy. (rN+)
You are resistant to electric shocks. (rElec)
You are resistant to unholy torment.
You are immune to petrification.


   Skills:
 - Level 3.1 Fighting
 + Level 5.8 Ranged Weapons
 - Level 1.2 Armour
 - Level 1.5 Dodging
 - Level 1.1 Stealth


You had 4 spell levels left.
You didn't know any spells.
Your spell library was empty.

Inventory:

Hand Weapons
 Y - a +0 shortbow (weapon)
Armour
 j - a +2 ring mail of cold resistance (worn)
Scrolls
 e - a scroll of identify
Potions
 a - a potion of mutation {unknown}
 b - a potion of haste
 c - a potion of might
 d - a potion of curing
 f - a potion of cancellation {unknown}
 g - a potion of heal wounds {unknown}
 i - a potion of resistance {unknown}

Dungeon Overview and Level Annotations

Branches:
Dungeon (4/15)
 Temple: D:4-7

Altars:
Yredelemnul

Shops:
D:2 =


Message History

What level of the Dungeon? (default 1, ? - help)
There is a stone staircase leading down here.
You climb downwards.
There is a stone staircase leading up here.
Waypoint 3 assigned to D:4.
Found a stone staircase leading up.
A ball python and an ogre come into view.
The ball python hisses angrily.
You shoot an arrow. The arrow hits the ogre.
The ogre shouts!
The ogre is lightly wounded.
You shoot an arrow.
The arrow hits the ball python but does no damage.
You shoot an arrow. The arrow hits the ball python!
You kill the ball python!
A ball python comes into view.
You shoot an arrow.
The arrow closely misses the ball python.
The ball python hisses angrily.
You shoot an arrow.
The arrow hits the ogre but does no damage.
The ogre is lightly wounded.
You shoot an arrow. The arrow hits the ogre.
The ogre is moderately wounded.
You shoot an arrow. The arrow barely misses the ogre.
The ogre misses you.
You shoot an arrow. The arrow hits the ogre.
The ogre is heavily wounded.
The ball python closely misses you. The ball python grabs you.
The ball python constricts you.
The ogre hits you with a +0 giant club!!
Ouch! That really hurt!
The ball python bites you. The ball python constricts you.
You shoot an arrow.
The arrow closely misses the ball python.
The ball python bites you but does no damage.
The ball python constricts you.
The ogre hits you with a +0 giant club!!
Ouch! That really hurt!
You die...

############
.#######..........#
.......@....#####.#
....#.O#S##.# #.# .
#..#.##.# ###.#####
#....##.# #.......#
##.####.# #.#.###.#
#. #.# #.#.###.# #.
..# #.#..##.# #.
.## #.##.##<#
#.##.##.#


You could see an ogre and a ball python.

Vanquished Creatures
  5 adders
  An ufetubus (D:3)
  An adder zombie (D:3)
  3 worms
  2 dart slugs
  3 orcs
  8 ball pythons
  8 endoplasms
  4 goblins
  3 hobgoblins
  6 kobolds
  5 quokkas
  A ball python zombie (D:3)
  9 bats
  5 frilled lizards
  10 rats
74 creatures vanquished.

Notes
Turn   | Place    | Note
-------+----------+-------------------------------------------
     0 | D:1      | qw the Gargoyle Hunter began the quest for the Orb.
     0 | D:1      | Reached XP level 1. HP: 12/12 MP: 1/1
     0 | D:1      | 0 ||| qw: Version: 0.2-a-29-g511e9b1
     0 | D:1      | 0 ||| qw: Game counter: 30
     0 | D:1      | 0 ||| qw: Always use a shield: true
     0 | D:1      | 0 ||| qw: God list: Okawaru
     0 | D:1      | 0 ||| qw: Allow faded altars: false
     0 | D:1      | 0 ||| qw: Do Orc after D:15 true
     0 | D:1      | 0 ||| qw: Do second Lair branch before Depths: true
     0 | D:1      | 0 ||| qw: Lair rune preference: random
     0 | D:1      | 0 ||| qw: Plans: Normal, Zot:1-4, Slime:5, God:TSO, Crypt,
                  | Tomb, Abyss, Pan, Hells, Win
     0 | D:1      | 0 ||| PLANNING D:1-11
   234 | D:1      | Reached XP level 2. HP: 17/17 MP: 2/2
   811 | D:1      | 811 ||| READING 2 scrolls labelled TAXOLLANATT.
   812 | D:1      | 812 ||| READING 2 scrolls labelled NUVATE DUGG.
   813 | D:1      | 813 ||| READING scroll labelled RAN ICVEIBIFUPT.
   814 | D:1      | 814 ||| DROPPING scroll of revelation.
   815 | D:1      | 815 ||| DROPPING scroll of butterflies.
   857 | D:2      | Reached XP level 3. HP: 21/21 MP: 3/3
   883 | D:2      | Reached skill level 5 in Ranged Weapons
   975 | D:2      | Reached skill level 3 in Fighting
  1038 | D:2      | Reached XP level 4. HP: 28/28 MP: 4/4
  1262 | D:2      | Found Fynn's Jewellery Shop.
  1282 | D:2      | 1282 ||| SHOPLISTING +4 ring of protection (504 gold, have
                  | 81).
  1282 | D:2      | 1282 ||| SHOPLISTING amulet of faith (560 gold, have 81).
  1282 | D:2      | 1282 ||| SHOPLISTING ring of protection from cold (350
                  | gold, have 81).
  1440 | D:2      | 1440 ||| UPGRADING to +2 ring mail of cold resistance.
  1450 | D:2      | 1450 ||| DROPPING +0 leather armour.
  1451 | D:2      | 1451 ||| READING scroll labelled RURCHID IGIWAYGUIS.
  1455 | D:2      | 1455 ||| READING scroll labelled EFUPPO EMMUE.
  1712 | D:3      | Reached skill level 1 in Armour
  1785 | D:3      | Reached XP level 5. HP: 32/32 MP: 5/5
  1821 | D:3      | Found a basalt altar of Yredelemnul.
  2181 | D:3      | 2181 ||| STAIRDANCE
  2214 | D:2      | 2214 ||| DRINKING 2 viscous emerald potions.
  2215 | D:2      | 2215 ||| READING 4 scrolls of identify.
  2215 | D:2      | 2215 ||| IDENTIFYING sedimented green potion
  2216 | D:2      | 2216 ||| READING 3 scrolls of identify.
  2216 | D:2      | 2216 ||| IDENTIFYING purple potion
  2217 | D:2      | 2217 ||| READING 2 scrolls of identify.
  2217 | D:2      | 2217 ||| IDENTIFYING bubbling cyan potion
  2218 | D:2      | 2218 ||| DROPPING potion of brilliance.
  2341 | D:3      | Found a faded altar of an unknown god.
  2591 | D:4      | Noticed an ogre
  2599 | D:4      | HP: 8/32 [ogre/+0 giant club (23)]
  2600 | D:4      | Mangled by an ogre

Levels and vault maps discovered:
D:1:      dpeg_arrival_stone_temple_mockup, layout_basic,
          minmay_large_rounded_square
D:2:      layout_rooms, serial_aquarium, aquarium_bridge_square
          [aquarium_subvault_bridge, aquarium_subvault_bridge,
          aquarium_subvault_bridge, aquarium_subvault_wall],
          aquarium_window_fake, aquarium_window_1, aquarium_view_2b,
          aquarium_view_2d, aquarium_balcony_5b, serial_shops, shop,
          minmay_misc_feat_tower
D:3:      layout_loops_corners, lemuel_zombie_altar_yredelemnul,
          shapermc_ecumenical_altar_hornbeckon, minmay_three_crescents
D:4:      layout_loops_cross, mainiacjoe_overflow_alcove_1,
          ebering_ghost_rock_garden, roderic_batcave, hex_tiny,
          serial_bayou_lagoon_a, amcnicky_mini_corridor_feature, uniq_robin

Skill      XL: |  1  2  3  4 |
---------------+-------------+-----
Ranged Weapons | 5 |  5.8
Fighting       | 3 |  3.1
Armour         | 1 |  1.2
Dodging        | |  1.5
Stealth        | |  1.1

Action                     |  1- 3 |  4- 6 || total
---------------------------+-------+-------++-------
   Fire: Shortbow          |   104 |   142 ||   246
    Use: Scroll            |     3 |     5 ||     8
         Potion            |       |     1 ||     1
 Armour: Leather armour    |    13 |     8 ||    21
         Ring mail         |       |    19 ||    19
  Dodge: Dodged            |    26 |    40 ||    66

Table legend:
 A = Non-vault XP
 B = Vault XP
 C = Vault XP percentage of total XP
 D = Non-vault monster count
 E = Vault monster count
 F = Vault count percentage of total count
                 A         B        C        D         E       F
            +---------+---------+-------+---------+---------+-------
      Total |     171 |      30 |  14.9 |      66 |       8 |  10.8
            +---------+---------+-------+---------+---------+-------
        D:1 |      31 |       0 |   0.0 |      17 |       0 |   0.0
        D:2 |      97 |       0 |   0.0 |      28 |       0 |   0.0
        D:3 |      42 |      30 |  41.7 |      20 |       8 |  28.6
        D:4 |       1 |       0 |   0.0 |       1 |       0 |   0.0
            +---------+---------+-------+---------+---------+-------
